 Dungeon Crawl Stone Soup version 0.30-a0-42-g806c11bf1d (webtiles) character file.

Game seed: 12414609761263519172

74 IdlyInterested the Slasher (level 4, -1/35 HPs)
             Began as a Demonspawn Fighter on Aug 30, 2022.
             Killed by divine providence
             ... invoked by an orc priest
              (16 damage)
             ... on level 3 of the Dungeon.
             The game lasted 00:04:59 (2591 turns).

IdlyInterested the Slasher (Demonspawn Fighter)     Turns: 2591, Time: 00:04:59

Health: -1/35      AC:  9    Str: 16    XL:     4   Next: 9%
Magic:  4/4        EV:  9    Int: 10    God:
Gold:   96         SH:  4    Dex: 14    Spells: 3/3 levels left

rFire   . . .      SeeInvis .    a - +0 long sword
rCold   . . .      Faith    .    c - +0 buckler
rNeg    . . .      Spirit   .    b - +0 scale mail
rPois   .          Reflect  .    (helmet restricted)
rElec   .          Harm     .    k - +0 cloak
rCorr   .          Rampage  .    d - +1 pair of gloves {Stlth+}
Will    .....                    (no boots)
Stlth   +.........               h - amulet of magic regeneration
HPRegen 0.11/turn                (no ring)
MPRegen 0.49/turn                (no ring)

@: no status effects
A: antennae 1, demonic guardian 1
a: no special abilities


You were on level 3 of the Dungeon.
You visited 1 branch of the dungeon, and saw 3 of its levels.

You collected 96 gold pieces.

Inventory:

Hand Weapons
 a - a +0 long sword (weapon)
 g - a +0 short sword
Armour
 b - a +0 scale mail (worn)
 c - a +0 buckler (worn)
 d - a +1 pair of gloves of stealth (worn)
 k - a +0 cloak (worn)
Magical Staves
 t - a staff of cold
Jewellery
 h - an amulet of magic regeneration (around neck)
Scrolls
 n - a scroll of enchant armour {unknown}
 o - 2 scrolls of enchant weapon {unknown}
 p - 2 scrolls of teleportation {unknown}
 q - a scroll of immolation {unknown}
 s - a scroll of fear {unknown}
Potions
 e - a potion of invisibility {unknown}
 f - 2 potions of resistance
 i - 3 potions of attraction {unknown}
 j - 2 potions of curing
 l - a potion of brilliance {unknown}
 m - a potion of magic {unknown}
 r - a potion of heal wounds {unknown}


   Skills:
 - Level 3.0 Fighting
 * Level 3.4 Long Blades
 - Level 2.6 Armour
 + Level 1.7 Dodging
 - Level 2.6 Shields


You had 3 spell levels left.
You didn't know any spells.
Your spell library was empty.

Dungeon Overview and Level Annotations

Branches:
Dungeon (3/15)

Altars:

Shops:
D:1 =


Innate Abilities, Weirdness & Mutations

You have a pair of small antennae on your head.
A weak demonic guardian rushes to your aid.


Message History

You kill the orc!
You block the orc's attack. x2
The orc priest hits you with a +0 hand axe.
You hit the orc priest but do no damage.
The orc priest hits you with a +0 hand axe.
The orc hits you with a +0 hand axe.
You slash the orc priest!
The orc priest is heavily wounded.
You block the orc's attack.
The orc priest hits you but does no damage.
You closely miss the orc priest.
The orc priest is heavily wounded.
The orc priest barely misses you. The orc hits you but does no damage.
You block the orc's attack.
The orc priest calls down the wrath of Beogh upon you.
Beogh smites you!
You barely miss the orc priest.
The orc priest is heavily wounded.
The orc priest hits you with a +0 hand axe.
The orc hits you with a +0 hand axe.
You hit the orc priest but do no damage.
The orc priest is heavily wounded.
You block the orc priest's attack. The orc hits you but does no damage.
You hit the orc priest.
The orc priest is severely wounded.
The orc hits you but does no damage. The orc priest barely misses you.
You barely miss the orc priest.
The orc priest is severely wounded.
The orc priest invokes the aid of Beogh against you.
You barely resist. The orc hits you but does no damage.
You hit the orc priest.
The orc priest is almost dead.
You block the orc priest's attack. The orc hits you with a +0 hand axe.
The orc closely misses you. The orc priest barely misses you.
You hit the orc priest but do no damage.
The orc priest is almost dead.
The orc hits you but does no damage.
The orc priest calls down the wrath of Beogh upon you.
Beogh smites you!
You die...

##........# .
##.....#.#.#
..##........#<#
..................#
.###..........#####
##.....#####
##....# ####.# #@#
#oo# #...# ......
......# ##..##.#
#.## .# #.# #


You could see an orc priest and an orc.

Vanquished Creatures
  Terence (D:2)
  An orc (D:3)
  4 ball pythons
  A bat (D:1)
  5 endoplasms
  8 goblins
  4 hobgoblins
  A quokka (D:2)
  3 frilled lizards
  6 kobolds
  9 rats
43 creatures vanquished.

Vanquished Creatures (collateral kills)
  A hobgoblin (D:1)
1 creature vanquished.

Grand Total: 44 creatures vanquished

Notes
Turn   | Place    | Note
-------+----------+-------------------------------------------
     0 | D:1      | IdlyInterested the Demonspawn Fighter began the quest for
                  | the Orb.
     0 | D:1      | Reached XP level 1. HP: 18/18 MP: 1/1
    26 | D:1      | Found Ribbi's Jewellery Boutique.
   433 | D:1      | Gained mutation: A weak demonic guardian rushes to your
                  | aid. [demonic ancestry]
   433 | D:1      | Reached XP level 2. HP: 24/24 MP: 2/2
   615 | D:1      | Reached skill level 1 in Dodging
   874 | D:1      | Found a faded altar of an unknown god.
  1259 | D:2      | Noticed Terence
  1277 | D:2      | Killed Terence
  1278 | D:2      | Reached XP level 3. HP: 3/29 MP: 3/3
  1904 | D:2      | Gained mutation: You have a pair of small antennae on your
                  | head. [demonic ancestry]
  1904 | D:2      | Reached XP level 4. HP: 35/35 MP: 4/4
  2591 | D:3      | Killed from afar by an orc priest

Illustrated notes

Levels and vault maps discovered:
D:1:      scummos_arrival_forest, layout_loops_ring,
          chequers_ecumenical_altar_simple, serial_shops, shop_fountains
D:2:      layout_basic, minmay_hexomino_u4, uniq_terence
D:3:      layout_loops_corners, lemuel_zombie_altar_yredelemnul, uniq_natasha

Skill      XL: |  1  2 |
---------------+-------+-----
Long Blades    | 2 3 |  3.4
Dodging        | 1 |  1.7
Fighting       | |  3.0
Armour         | |  2.6
Shields        | |  2.6

Action                   |  1- 3 |  4- 6 || total
-------------------------+-------+-------++-------
Melee: Long sword        |   115 |    22 ||   137
  Use: Scroll            |     2 |       ||     2
       Potion            |     1 |       ||     1
Armor: Scale mail        |    49 |    11 ||    60
Dodge: Dodged            |    49 |    12 ||    61
Block: Buckler           |    15 |    12 ||    27

Table legend: (Time is in decaauts)
 A = Elapsed time spent in this place.
 B = Non-inter-level travel time spent in this place.
 C = Inter-level travel time spent in this place.
 D = Time resting spent in this place.
 E = Time spent auto-exploring this place.
 F = Levels seen in this place.
 G = Mean time per level.
                   A        B        C        D        E       F      G
               +--------+--------+--------+--------+--------+-----+--------+
         Total |   2633 |   2409 |    224 |    687 |   1239 |   3 |  877.7 |
       Dungeon |   2633 |   2409 |    224 |    687 |   1239 |   3 |  877.7 |
               +--------+--------+--------+--------+--------+-----+--------+

Top non-repeatable levels by time:
     D:2: 1348 daAuts
     D:1: 1235 daAuts
     D:3: 49 daAuts
